 Dungeon Crawl Stone Soup version 0.25-a0-700-g7f8a797 (webtiles) character file.

Game seed: 12895057813809626495, levelgen mode: deterministic

16643 HungryMoth the Victor of a Thousand Battles (level 12, 0/97 HPs)
             Began as a Formicid Fighter on Apr 3, 2020.
             Was the Champion of Okawaru.
             Slain by a black mamba (10 damage)
             ... on level 3 of the Lair of Beasts.
             The game lasted 00:23:04 (10275 turns).

HungryMoth the Victor of a Thousand Battles (FoFi) Turns: 10275, Time: 00:23:05

Health: 0/97       AC: 22    Str: 26    XL:     12   Next: 72%
Magic:  6/6        EV:  7    Int:  8    God:    Okawaru [******]
Gold:   703        SH: 13    Dex: 10    Spells: 11/11 levels left

rFire    . . .     SeeInvis +   Q - +10 war axe "Vavammipp" {antimagic, rPois rC+ MR+}
rCold    + + .     Gourm    .   C - +1 kite shield {rF+}
rNeg     . . .     Faith    .   Y - +0 plate armour
rPois    +         Spirit   .   (helmet unavailable)
rElec    .         Reflect  .   B - +0 cloak
rCorr    .         Harm     .   k - +2 pair of gloves
MR       ++...                  J - +2 pair of boots
Stlth    ..........             G - amulet of the acrobat
HPRegen  0.26/turn              g - ring of ice
MPRegen  0.10/turn              (no ring)

@: no status effects
A: permanent stasis, dig shafts and tunnels, four strong arms, antennae 3
a: Dig, Shaft Self, Heroism, Finesse, Renounce Religion


You were on level 3 of the Lair of Beasts.
You worshipped Okawaru.
Okawaru was exalted by your worship.
You were hungry.

You visited 3 branches of the dungeon, and saw 14 of its levels.

You collected 703 gold pieces.

Inventory:

Hand Weapons
 a - a +0 trident
 M - a +1 glaive
 N - a +3 halberd of venom
 Q - the +10 war axe "Vavammipp" (weapon) {antimagic, rPois rC+ MR+}
   (You found it on level 5 of the Dungeon)

   It reduces the magical energy of the wielder, and disrupts the spells and
   magical abilities of those hit.
   Natural abilities and divine invocations are not affected.
   It protects you from cold.
   It protects you from poison.
   It affects your resistance to hostile enchantments.
Missiles
 P - 53 bolts
Armour
 k - a +2 pair of gloves (worn)
 B - a +0 cloak (worn)
 C - a +1 kite shield of fire resistance (worn)
 J - a +2 pair of boots (worn)
 Y - a +0 plate armour (worn)
Jewellery
 g - a ring of ice (left hand)
 G - an amulet of the acrobat (around neck)
 T - an uncursed amulet of the gourmand {unknown}
Wands
 w - a wand of digging (10)
 O - a wand of acid (6)
 S - a wand of random effects (6)
 W - a wand of flame (13)
 Z - a wand of paralysis (5)
Scrolls
 v - 10 scrolls of identify
 D - a scroll of magic mapping {unknown}
 F - a scroll of amnesia {unknown}
 L - a scroll of fear
 U - a scroll of enchant armour
 V - a scroll of remove curse
Potions
 d - 2 potions of might
 s - a potion of stabbing
 u - 8 potions of curing
 E - a potion of brilliance
 H - a potion of cancellation
 I - 2 potions of mutation
 K - 3 potions of flight
Comestibles
 f - 21 rations


   Skills:
 - Level 10.0 Fighting
 + Level 7.7 Polearms
 - Level 10.0 Armour
 - Level 9.0 Shields
 - Level 10.1 Invocations
 * Level 9.8 Evocations


You had 11 spell levels left.
You didn't know any spells.
Your spell library contained the following spells:

 Spells                   Type           Power        Failure   Level  Hunger
 Corona                   Hex            #......      99%         1    ##.....
 Ensorcelled Hibernation  Hex/Ice        #.....       99%         2    ###....
 Confusing Touch          Hex            #.......     100%        3    ####...
 Dazzling Flash           Conj/Hex       #.....       100%        3    ####...
 Tukima's Dance           Hex            #.......     100%        3    ####...


Dungeon Overview and Level Annotations

Branches:
Dungeon (10/15)            Temple (1/1) D:4            Lair (3/6) D:10
    Orc (0/2) D:9
  Swamp: Lair:2-4    Shoals: Lair:2-4     Snake: Lair:2-4    Spider: Lair:2-4

Altars:
Ashenzari
Cheibriados
Dithmenos
Elyvilon
Fedhas
Gozag
Hepliaklqana
Kikubaaqudgha
Makhleb
Nemelex Xobeh
Okawaru
Qazlal
Ru
Sif Muna
Trog
Uskayaw
Vehumet
Wu Jian
Xom
Yredelemnul
Zin
The Shining One

Portals:
Trove: D:10 (give +6 demon whip)


Innate Abilities, Weirdness & Mutations

You cannot be hasted, slowed, berserked, paralysed or teleported.
You can dig through walls and to a lower floor.
Your four strong arms can wield two-handed weapons with a shield.
You have a pair of large antennae on your head. (SInv)


Message History

Okawaru accepts your kill.
You closely miss the black mamba. You block the black mamba's attack.
The black mamba bites you!
* * * LOW HITPOINT WARNING * * *
Your plate armour prevents you from hitting the black mamba.
The black mamba is heavily wounded.
You block the black mamba's attack.
The black mamba bites you but does no damage.
You hit the black mamba.
The black mamba is heavily wounded.
The black mamba barely misses you. The black mamba closely misses you.
Your plate armour prevents you from hitting the black mamba.
The black mamba is heavily wounded.
The black mamba bites you but does no damage.
You block the black mamba's attack.
The black mamba bites you but does no damage.
You hit the black mamba.
The black mamba is severely wounded.
The black mamba bites you!
You die...

# ###. # .
#..### ...
...###....#....
...?..S........
....⌠..@..⌠....
.......†.......
...#.#....##...
. # ##.##.# .
#.. ... .#. ...
. . .#. . .. #.


You could see a black mamba.

Vanquished Creatures
  A hydra (Lair:2)
  2 two-headed ogres (D:9)
  Nergalle (Lair:1)
  2 oklob plants (D:10)
  A centaur zombie (D:10)
  Joseph (D:8)
  2 spiny frogs
  2 komodo dragons
  Prince Ribbit (Lair:2)
  A troll (D:10)
  2 blink frogs (Lair:2)
  Sigmund (D:3)
  6 hippogriffs
  20 yaks
  2 basilisks
  2 hungry ghosts
  Edmund (D:5)
  3 water moccasins (Lair:2)
  A porcupine (Lair:1)
  An orc warrior (D:7)
  2 sky beasts
  2 ice beasts
  An eye of draining (D:9)
  2 phantoms
  7 ogres
  8 wolves (Lair:1)
  4 centaurs
  5 crocodiles
  A big kobold (D:10)
  5 bullfrogs
  A wyvern skeleton (D:9)
  2 scorpions
  11 killer bees
  An electric eel (Lair:2)
  2 howler monkeys
  4 crimson imps
  3 bullfrog zombies
  Crazy Yiuf (D:2)
  6 hounds
  7 jellies
  5 orc priests
  A bullfrog skeleton (D:9)
  2 centaur skeletons (D:6)
  Jessica (D:9)
  4 iguanas
  Terence (D:3)
  8 orc wizards
  8 worker ants
  7 hell rats (Lair:2)
  A killer bee zombie (D:5)
  A hound skeleton (D:8)
  2 worker ant zombies
  A howler monkey skeleton (D:8)
  12 adders
  A shadow imp (D:10)
  An adder skeleton (D:8)
  6 worms
  5 dart slugs
  4 leopard geckos
  33 orcs
  8 bats
  6 giant cockroaches
  8 goblins
  7 hobgoblins
  10 jackals
  15 kobolds
  5 quokkas
  3 ball pythons
  7 frilled lizards
  2 leopard gecko skeletons
  A leopard gecko zombie (D:7)
  A quokka skeleton (D:4)
  A quokka zombie (D:5)
  5 rats
  A bush (D:2)
  A fungus (D:2)
  3 plants (D:10)
316 creatures vanquished.

Notes
Turn   | Place    | Note
-------+----------+-------------------------------------------
     0 | D:1      | HungryMoth the Formicid Fighter began the quest for the
                  | Orb.
     0 | D:1      | Reached XP level 1. HP: 18/18 MP: 1/1
   154 | D:1      | Reached XP level 2. HP: 24/24 MP: 2/2
   345 | D:1      | Reached XP level 3. HP: 28/29 MP: 3/3
   807 | D:2      | Found an iron altar of Okawaru.
   816 | D:2      | Became a worshipper of Warmaster Okawaru
   938 | D:2      | Reached XP level 4. HP: 26/37 MP: 4/4
  1684 | D:2      | Found a runed translucent door.
  1685 | D:2      | Noticed Crazy Yiuf
  1693 | D:2      | Killed Crazy Yiuf
  1693 | D:2      | Reached XP level 5. HP: 21/42 MP: 5/5
  2008 | D:3      | Noticed Sigmund
  2034 | D:3      | Killed Sigmund
  2034 | D:3      | Reached * piety under Okawaru
  2034 | D:3      | Reached skill level 5 in Fighting
  2034 | D:3      | Reached skill level 5 in Armour
  2034 | D:3      | Reached skill level 5 in Shields
  2034 | D:3      | Reached XP level 6. HP: 47/51 MP: 6/6
  2119 | D:3      | Reached XP level 7. HP: 54/56 MP: 7/7
  2326 | D:3      | Noticed Terence
  2333 | D:3      | Killed Terence
  2598 | D:4      | Reached ** piety under Okawaru
  3038 | D:4      | Found a staircase to the Ecumenical Temple.
  3082 | D:4      | Reached XP level 8. HP: 64/64 MP: 8/8
  3107 | Temple   | Entered the Ecumenical Temple
  3321 | D:5      | Entered Level 5 of the Dungeon
  3435 | D:5      | Found a stormy altar of Qazlal.
  3438 | D:5      | Noticed an air elemental
  3438 | D:5      | Noticed a water elemental
  3438 | D:5      | Noticed a fire elemental
  3480 | D:5      | Noticed Edmund
  3488 | D:5      | Killed Edmund
  3488 | D:5      | Reached *** piety under Okawaru
  3863 | D:5      | Got a warped war axe
  3864 | D:5      | Identified the +10 war axe "Vavammipp" {antimagic, rPois
                  | rC+ MR+} (You found it on level 5 of the Dungeon)
  3918 | D:5      | Reached XP level 9. HP: 71/72 MP: 3/9
  4394 | D:6      | Reached **** piety under Okawaru
  4982 | D:7      | Received a gift from Okawaru
  5098 | D:7      | Found a snail-covered altar of Cheibriados.
  5525 | D:8      | Noticed Joseph
  5536 | D:8      | Killed Joseph
  5536 | D:8      | Reached XP level 10. HP: 54/82 MP: 3/10
  5741 | D:8      | Reached ***** piety under Okawaru
  5796 | D:8      | Found a blossoming altar of Fedhas.
  6203 | D:9      | Noticed a two-headed ogre
  6205 | D:9      | Found a staircase to the Orcish Mines.
  6209 | D:9      | Killed a two-headed ogre
  6209 | D:9      | Reached skill level 10 in Fighting
  6209 | D:9      | Reached skill level 10 in Armour
  6209 | D:9      | Reached skill level 1 in Evocations
  6279 | D:9      | Received a gift from Okawaru
  6440 | D:9      | Found a shadowy altar of Dithmenos.
  6523 | D:9      | Noticed Jessica
  6533 | D:9      | Killed Jessica
  6537 | D:9      | Found a shimmering blue altar of Sif Muna.
  6592 | D:9      | Reached skill level 5 in Polearms
  6592 | D:9      | Reached XP level 11. HP: 84/90 MP: 4/14
  6687 | D:9      | Reached skill level 5 in Invocations
  6847 | D:9      | Noticed a two-headed ogre
  6853 | D:9      | Killed a two-headed ogre
  6853 | D:9      | Reached skill level 5 in Evocations
  6978 | D:10     | Entered Level 10 of the Dungeon
  7588 | D:10     | Noticed an oklob plant
  7589 | D:10     | Found a staircase to the Lair.
  7591 | D:10     | Noticed an oklob plant
  7600 | D:10     | Killed an oklob plant
  7739 | D:10     | Killed an oklob plant
  7739 | D:10     | Received a gift from Okawaru
  8141 | D:10     | Found a portal to a secret trove of treasure.
  8168 | Lair:1   | Entered Level 1 of the Lair of Beasts
  8431 | Lair:1   | Reached ****** piety under Okawaru
  8597 | Lair:1   | Noticed Nergalle
  8608 | Lair:1   | Killed Nergalle
  8608 | Lair:1   | Reached XP level 12. HP: 97/97 MP: 6/18
  9044 | Lair:2   | Received a gift from Okawaru
  9355 | Lair:2   | Noticed Prince Ribbit
  9670 | Lair:2   | Killed Prince Ribbit
  9849 | Lair:2   | Noticed a four-headed hydra
  9854 | Lair:2   | Killed a five-headed hydra
  9854 | Lair:2   | Reached skill level 10 in Invocations
 10275 | Lair:3   | Slain by a black mamba

Levels and vault maps discovered:
D:1:      heliophobic_arrival_ceremonial_halls, layout_loops_ring
D:2:      layout_loops_ring, overflow_temple_1_default, minmay_tromino_i2,
          uniq_crazy_yiuf_cottage
D:3:      layout_rooms, first_ration, minmay_misc_feat_chi, uniq_terence,
          uniq_sigmund
D:4:      layout_basic, minmay_temple_entry_offerings
D:5:      layout_gridville, grunt_ministairs_10,
          nicolae_qazlal_style_of_elements, uniq_edmund
D:6:      layout_loops_cross, hangedman_decor_clover_reticule
D:7:      layout_basic, cheibriados_altar_1, chequers_serial_rivers_micro_e,
          grunt_ogre_cave
D:8:      layout_rooms, fedhas_altar_3, uniq_joseph
D:9:      layout_roguey, tgw_sif, orc_0_dummy, basic_altar
D:10:     minmay_the_grid_four_pointed_star_mashed
          [minmay_the_grid_triangle_9x9_subtriangle,
          minmay_the_grid_triangle_9x9_minimal,
          minmay_the_grid_triangle_9x9_alien,
          minmay_the_grid_triangle_9x9_flanged_cone,
          minmay_the_grid_prize_four_corners], layout_loops_cross,
          dpeg_oklobed_lair, enter_trove_0, nzn_random_ring
Temple:   eino_narrow_crystal_temple
Lair:1:   layout_regular_city, grunt_forest_small_clearing_treed, uniq_nergalle
Lair:2:   layout_hall_layers, infiniplex_staircase_pool, grunt_megastairs_2,
          uniq_prince_ribbit2
Lair:3:   layout_misc_corridors, minmay_swamp_entry_swarm,
          guppyfry_snake_entry_island, gammafunk_lair_bear_cave,
          grunt_megastairs_5

Skill      XL: |  1  2  3  4  5  6  7  8  9 10 11 12 |
---------------+-------------------------------------+-----
Shields        | 4 5 6 7 9 |  9.0
Fighting       | 4 5 6 7 8 10 | 10.0
Armour         | 4 5 7 8 10 | 10.0
Polearms       | 4 5 6 7 |  7.7
Invocations    | 4 8 10 | 10.1
Evocations     | 3 7 9 |  9.8

Action                   |  1- 3 |  4- 6 |  7- 9 | 10-12 || total
-------------------------+-------+-------+-------+-------++-------
Melee: Trident           |   106 |   183 |       |       ||   289
       Quarterstaff      |       |    42 |    91 |       ||   133
       Glaive            |       |       |    86 |       ||    86
       War axe           |       |       |   130 |   419 ||   549
       Halberd           |       |       |       |     3 ||     3
       Eveningstar       |       |       |       |     3 ||     3
 Abil: Dig               |       |     1 |     2 |     1 ||     4
Evoke: Wand              |       |       |       |     6 ||     6
  Use: Potion            |       |     4 |     1 |     3 ||     8
       Scroll            |       |       |    13 |     1 ||    14
  Eat: Chunk             |       |     5 |    13 |    21 ||    39
Armor: Scale mail        |    25 |    38 |     2 |       ||    65
       Chain mail        |       |       |   171 |    63 ||   234
       Plate armour      |       |       |       |   266 ||   266
Dodge: Dodged            |    26 |    33 |    94 |   166 ||   319
Block: Kite shield       |    45 |    36 |   215 |   356 ||   652

Table legend:
 A = Non-vault XP
 B = Vault XP
 C = Vault XP percentage of total XP
 D = Non-vault monster count
 E = Vault monster count
 F = Vault count percentage of total count
                 A         B        C        D         E       F
            +---------+---------+-------+---------+---------+-------
      Total |   18132 |    5644 |  23.7 |     291 |      20 |   6.4
            +---------+---------+-------+---------+---------+-------
        D:1 |      48 |       0 |   0.0 |      27 |       0 |   0.0
        D:2 |      67 |      46 |  40.7 |      24 |       2 |   7.7
        D:3 |     150 |     278 |  65.0 |      23 |       2 |   8.0
        D:4 |     719 |       0 |   0.0 |      23 |       0 |   0.0
        D:5 |     580 |     203 |  25.9 |      17 |       3 |  15.0
        D:6 |     573 |       0 |   0.0 |      21 |       0 |   0.0
        D:7 |     797 |     118 |  12.9 |      16 |       1 |   5.9
        D:8 |    1312 |     450 |  25.5 |      31 |       1 |   3.1
        D:9 |    4201 |      37 |   0.9 |      29 |       1 |   3.3
       D:10 |    1620 |    1554 |  49.0 |      31 |       3 |   8.8
     Lair:1 |    3035 |     808 |  21.0 |      19 |       1 |   5.0
     Lair:2 |    4293 |    1773 |  29.2 |      27 |       4 |  12.9
     Lair:3 |     737 |     377 |  33.8 |       3 |       2 |  40.0
            +---------+---------+-------+---------+---------+-------
